 Dungeon Crawl Stone Soup version 0.21-a0-442-g848f44b (webtiles) character file.

233 mortelune the Firebug (level 6, -10/33 HPs)
             Began as a Gargoyle Fire Elementalist on Nov 12, 2017.
             Was a Follower of Ashenzari.
             Engulfed by a cloud of flame (19 damage)
             ... on level 3 of the Dungeon.
             The game lasted 00:12:48 (2090 turns).

mortelune the Firebug (Gargoyle Fire Elementalist)  Turns: 2090, Time: 00:12:49

Health: -10/33     AC:  7    Str: 12    XL:     6   Next: 5%
Magic:  5/11       EV: 11    Int: 17    God:    Ashenzari [*.....]
Gold:   101        SH:  0    Dex: 10    Spells: 5/12 levels left

rFire    . . .     SeeInvis .   e - -1 whip (curse)
rCold    . . .     Gourm    .   (no shield)
rNeg     + . .     Faith    .   n - +0 leather armour
rPois    ∞         Spirit   .   (no helmet)
rElec    +         Reflect  .   (no cloak)
rCorr    .         Harm     .   (no gloves)
MR       .....                  (no boots)
Stlth    ++........             j - amulet of magic regeneration (curse)
HPRegen  0.11/turn              (no ring)
MPRegen  0.37/turn              (no ring)

@: very slightly contaminated
A: negative energy resistance 1, electricity resistance, unbreathing,
petrification resistance, rot immunity, AC +4
a: Curse Item, Scrying, Renounce Religion


You were on level 3 of the Dungeon.
You worshipped Ashenzari.
Ashenzari was aware of your devotion.
You were hungry.

You visited 1 branch of the dungeon, and saw 3 of its levels.

You collected 101 gold pieces.

Inventory:

Hand Weapons
 e - a cursed -1 whip (weapon)
 s - a +2 hand axe of venom
Armour
 a - a +0 robe
 n - a +0 leather armour (worn)
Jewellery
 j - a cursed amulet of magic regeneration (around neck)
Wands
 t - a wand of polymorph (17/24)
 u - a wand of disintegration (14/24)
Scrolls
 g - a scroll of noise {unknown}
 h - a scroll of amnesia {unknown}
 k - 2 scrolls of enchant armour {unknown}
 m - 2 scrolls of teleportation {unknown}
 v - a scroll of immolation {unknown}
Potions
 d - a potion of flight
 o - a potion of curing
 p - a potion of haste
 r - a potion of resistance
Books
 b - a book of Flames

   Spells                             Type                      Level
   a - Flame Tongue                   Conjuration/Fire             1
   b - Throw Flame                    Conjuration/Fire             2
   c - Conjure Flame                  Conjuration/Fire             3
   d - Inner Flame                    Hexes/Fire                   3
   e - Sticky Flame                   Conjuration/Fire             4
   f - Fireball                       Conjuration/Fire             5
Comestibles
 c - 2 bread rations
 f - 2 meat rations
 l - a royal jelly
 q - 2 fruits


   Skills:
 + Level 0.9 Fighting
 + Level 0.8 Armour
 - Level 1.5 Dodging
 - Level 2.1 Stealth
 + Level 3.5 Spellcasting
 + Level 3.4 Conjurations
 + Level 4.4 Fire Magic


You had 5 spell levels left.
You knew the following spells:

 Your Spells              Type           Power        Failure   Level  Hunger
a - Flame Tongue          Conj/Fire      ###..        4%          1    None
b - Inner Flame           Hex/Fire       ##......     26%         3    ###....
c - Conjure Flame         Conj/Fire      ###.....     12%         3    ###....


Dungeon Overview and Level Annotations

Branches:
Dungeon (3/15)

Altars:
Ashenzari
Hepliaklqana
Makhleb
Qazlal
Wu Jian
Xom


Innate Abilities, Weirdness & Mutations

You are resistant to torment.
Your stone body is resilient. (AC +4)
You are immune to poison.
You resist negative energy. (rN+)
You are resistant to electric shocks. (rElec)
You can survive without breathing.
You are immune to petrification.
You are immune to rotting.


Message History

Confirm with . or Enter, or press ? or * to list all spells.
Aiming: Flame Tongue
Press: ? - help, Shift-Dir - straight line, f/p - giant cockroach
Aim: a giant cockroach (clinging)
The flame tongue hits the adder.
The adder explodes!
The fiery explosion engulfs the plant.
The plant is severely damaged.
The fiery explosion engulfs the giant cockroach.
You kill the giant cockroach!
You have reached level 6!
Your experience leads to an increase in your attributes!
Increase (S)trength, (I)ntelligence, or (D)exterity?
You feel clever. The fiery explosion engulfs you!
Ouch! That really hurt!
* * * LOW HITPOINT WARNING * * *
You are engulfed in blazing flames.
Ouch! That really hurt!
You die...

.........
...............
#......#########..%!...#
#)#####........#.......#
#...###...####.#...)#..#
###.......#
##.#g...#...# #..##...#
#..#.####.#.#
#..########.##§# ....#
#..# #PP≈P.§.#####. .#
#..# #P≈P≈.P@§..# .. #
#... #P≈PPP≈P≈#.###.
#.## #≈P≈≈♣≈PP.≈.... ..#
##PPP≈≈≈♣PPP.#.
##.PP.≈≈♣≈≈PP.
##..P.PP♣≈≈≈P
#....PP♣≈≈♣≈ #...PPPP♣♣≈
####PPP♣♣


You could see a hobgoblin.

Vanquished Creatures
  An orc priest (D:2)
  An orc wizard (D:2)
  Jessica (D:3)
  Natasha (thrice) (D:3)
  3 adders
  2 leopard geckos
  2 orcs
  3 giant cockroaches
  9 goblins
  4 hobgoblins
  3 jackals (D:1)
  6 bats
  2 frilled lizards
  11 kobolds
  3 rats
54 creatures vanquished.

Notes
Turn   | Place    | Note
-------+----------+-------------------------------------------
     0 | D:1      | mortelune the Gargoyle Fire Elementalist began the quest for the Orb.
     0 | D:1      | Reached XP level 1. HP: 10/10 MP: 3/3
    52 | D:1      | Found a shattered altar of Ashenzari.
    85 | D:1      | Became a worshipper of Ashenzari the Shackled
   118 | D:1      | Reached XP level 2. HP: 11/15 MP: 0/5
   799 | D:1      | Reached XP level 3. HP: 19/19 MP: 4/6
  1315 | D:2      | Reached * piety under Ashenzari
  1403 | D:2      | Reached XP level 4. HP: 21/24 MP: 0/8
  1558 | D:2      | Reached skill level 4 in Fire Magic
  1558 | D:2      | Reached XP level 5. HP: 4/28 MP: 2/9
  1852 | D:3      | Found an ornate altar of the Wu Jian Council.
  1852 | D:3      | Found a stormy altar of Qazlal.
  1852 | D:3      | Noticed Natasha
  1857 | D:3      | Killed Natasha
  1874 | D:3      | Noticed Natasha
  1879 | D:3      | Killed Natasha
  1897 | D:3      | Learned a level 3 spell: Inner Flame
  1901 | D:3      | Found a burning altar of Makhleb.
  1903 | D:3      | Found a shimmering altar of Xom.
  1905 | D:3      | Found a hazy altar of Hepliaklqana.
  1912 | D:3      | Learned a level 3 spell: Conjure Flame
  1968 | D:3      | Noticed Natasha
  1974 | D:3      | Killed Natasha
  2064 | D:3      | Noticed Jessica
  2077 | D:3      | Killed Jessica
  2090 | D:3      | Reached XP level 6. HP: 31/33 MP: 5/11
  2090 | D:3      | Engulfed by a cloud of flame

Vault maps used:
D:1:      ncdulo_lavacross, minivault_23, minmay_crystal_water,
          ashenzari_altar_1
D:2:      kennysheep_six_static_rooms, first_bread, kennysheep_big_empty_room,
          uniq_robin
D:3:      chequers_temple_overflow_minitemple, amethyst_killhole, st_stairs_14,
          serial_bayou_lagoon_a, uniq_ijyb, uniq_jessica, uniq_natasha

Skill      XL: |  1  2  3  4  5 |
---------------+----------------+-----
Conjurations   | 2 3 |  3.4
Spellcasting   | 3 |  3.5
Fire Magic     | 4 |  4.4
Fighting       | |  0.9
Armour         | |  0.8
Dodging        | |  1.5
Stealth        | |  2.1

Action                   |  1- 3 |  4- 6 || total
-------------------------+-------+-------++-------
Melee: Whip              |    30 |    35 ||    65
 Cast: Flame Tongue      |    52 |    37 ||    89
       Conjure Flame     |       |     1 ||     1
       Inner Flame       |       |     1 ||     1
Invok: Curse Item        |     1 |       ||     1
  Use: Scroll            |       |     4 ||     4
 Stab: Sleeping          |     1 |       ||     1
  Eat: Chunk             |     2 |     2 ||     4
Armor: Robe              |     5 |       ||     5
       Leather armour    |    13 |    28 ||    41
Dodge: Dodged            |    46 |    41 ||    87

Table legend:
 A = Spawn XP
 B = Non-spawn XP
 C = Spawn XP percentage of total XP
 D = Spawn monster count
 E = Non-spawn monster count
 F = Spawn count percentage of total count
 G = Total turns spent on level
                    A         B        C        D         E        F      G
               +---------+---------+-------+---------+---------+-------+---------
         Total |       0 |     334 |   0.0 |       0 |      54 |   0.0 |  2090
               +---------+---------+-------+---------+---------+-------+---------
           D:1 |       0 |      37 |   0.0 |       0 |      25 |   0.0 |  1039
           D:2 |       0 |     124 |   0.0 |       0 |      14 |   0.0 |   762
           D:3 |       0 |     173 |   0.0 |       0 |      15 |   0.0 |   289
               +---------+---------+-------+---------+---------+-------+---------
